Map: 16-Bit LE

Players

ZombieGrub

  • Race: Terran Terran
  • Spawn Location: 7:00

A.I. 2 (Very Easy) - Winner!

  • Race: Protoss Protoss
  • Spawn Location: 1:00

VOD

Have the link to the VOD?

Description

TVT

Time

  • Played on: May 25, 2018, 3:18 p.m.
  • Length: 9:35
Show
View Real Time Build Order
Export as new Build Order

ZombieGrub Terran 

Build Orders: Cyclone Opening, Reaper Expand, MMM Bio 

Get SALT Encoding   

  12  0:01  SCV  
  13  0:13  SCV  
  14  0:18  Supply Depot  
  14  0:25  SCV  
  15  0:33  Refinery  
  15  0:40  SCV  
  16  0:47  Barracks  
  16  0:52  SCV  
  17  1:04  SCV  
  18  1:16  SCV  
  19  1:34  Orbital Command  
  19  1:35  Reaper  
  20  1:47  Command Center  
  20  1:58  Factory  
  20  2:00  SCV  
  21  2:07  Refinery  
  21  2:12  Barracks Reactor, SCV  
  22  2:20  Supply Depot  
  22  2:24  SCV  
  23  2:41  SCV  
  24  2:45  Cyclone  
  24  2:50  Marine x2  
  29  2:53  SCV  
  30  3:00  Orbital Command  
  30  3:06  SCV  
  31  3:18  SCV  
  32  3:22  Barracks Tech Lab  
  32  3:25  Cyclone x2  
  32  3:27  SCV  
  39  3:30  SCV  
  39  3:31  Supply Depot  
  40  3:39  SCV  
  41  3:43  SCV  
  42  3:51  SCV  
  42  3:54  Supply Depot  
  42  3:55  SCV  
  44  4:01  Barracks Tech Lab  
  44  4:03  SCV  
  44  4:05  Command Center  
  44  4:07  SCV  
  46  4:10  Siege Tank  
  46  4:15  SCV  
  50  4:19  SCV  
  50  4:22  Supply Depot, Bunker  
  50  4:23  Marine  
  50  4:24  Stimpack  
  52  4:27  SCV  
  53  4:32  SCV  
  54  4:42  Marine, Siege Tank  
  54  4:44  SCV  
  59  4:46  SCV  
  59  4:47  Supply Depot  
  60  4:56  SCV  
  60  4:59  SCV  
  62  5:02  Refinery x2, Barracks, Marine  
  62  5:03  Barracks  
  62  5:06  Engineering Bay  
  63  5:08  SCV  
  63  5:11  Supply Depot, SCV  
  65  5:16  Starport  
  66  5:22  Orbital Command  
  65  5:28  SCV  
  65  5:31  Marine  
  65  5:33  SCV  
  65  5:35  Terran Infantry Weapons Level 1  
  67  5:36  Supply Depot  
  67  5:42  Barracks x2  
  67  5:45  SCV  
  67  5:46  Factory Reactor  
  68  5:50  SCV  
  68  5:52  Orbital Command  
  69  5:57  SCV  
  69  5:58  Marine x2  
  69  5:59  Marauder  
  69  6:02  Supply Depot  
  74  6:06  SCV  
  74  6:10  Starport Reactor  
  76  6:11  SCV  
  76  6:16  Marine  
  76  6:18  SCV  
  78  6:20  SCV  
  78  6:24  Marauder, Widow Mine x2, Marine  
  78  6:25  Marauder  
  88  6:27  SCV  
  88  6:31  SCV  
  88  6:32  SCV, Barracks Tech Lab  
  91  6:33  Barracks Reactor, Marine, Combat Shields  
  91  6:34  Concussive Shells  
  91  6:39  SCV  
  93  6:41  Supply Depot  
  93  6:42  Marine  
  93  6:43  SCV  
  93  6:44  SCV  
  93  6:45  Marine x2  
  98  6:47  Refinery  
  98  6:49  Refinery  
  98  6:50  Supply Depot  
  98  6:51  SCV  
  98  6:53  Medivac x2  
  103  6:56  SCV  
  103  6:57  Widow Mine x2  
  108  7:02  SCV  
  108  7:08  Supply Depot, SCV  
  109  7:10  Liberator  
  109  7:11  Marine x2  
  109  7:12  Marauder x2, Marine  
  109  7:13  Marine x2  
  119  7:26  Medivac  
  119  7:29  Marine x3  
  127  7:30  Widow Mine x2, SCV  
  127  7:31  SCV  
  127  7:33  Supply Depot  
  127  7:34  Terran Infantry Armor Level 1  
  133  7:38  Marine  
  133  7:39  Marauder, Marine x2  
  133  7:41  SCV  
  139  7:45  SCV  
  139  7:50  Supply Depot  
  139  7:51  Supply Depot  
  140  7:55  Widow Mine x2  
  140  7:57  Marauder  
  146  8:04  Marauder, Marine  
  149  8:08  Supply Depot  
  149  8:12  Marauder, Medivac x2, Marine x3  
  158  8:13  Supply Depot  
  158  8:17  Supply Depot  
  158  8:25  Marine  
  158  8:26  Marauder, Marine  
  164  8:27  Widow Mine  
  164  8:29  Widow Mine  
  164  8:30  Marine  
  164  8:32  Starport  
  164  8:34  Supply Depot  
  167  8:46  Barracks  
  167  8:48  Barracks  
  167  8:53  Armory  
  167  8:54  Engineering Bay  
  167  8:58  Widow Mine  
  167  8:59  Widow Mine  
  177  9:10  Ghost Academy  
Show
View Real Time Build Order
Export as new Build Order

A.I. 2 (Very Easy) Protoss - Winner!

Build Orders:  

Get SALT Encoding   

  12  0:00  Probe  
  13  0:13  Probe  
  14  0:20  Pylon  
  14  0:36  Assimilator  
  14  0:42  Gateway  
  14  0:47  Pylon  
  14  1:16  Assimilator  
  14  1:26  Probe  
  14  1:32  Zealot  
  17  1:34  Cybernetics Core  
  17  1:35  Probe  
  18  1:43  Probe  
  19  1:53  Probe  
  19  2:01  Warp Gate  
  20  2:02  Probe  
  21  2:10  Probe  
  22  2:40  Stalker  
  24  6:09  Probe  
  24  6:58  Probe  
  24  7:03  Adept  
  24  7:05  Pylon  
  24  7:06  Probe  
  24  7:08  Robotics Facility  
  27  7:11  Nexus  
  26  7:16  Probe  
  25  7:28  Probe  
  26  7:33  Pylon  
  26  7:40  Probe  
  27  7:57  Observer  
  28  8:03  Zealot  
  30  8:13  Observer  
  31  8:23  Probe  
  32  8:30  Probe  
  32  8:31  Assimilator  
  33  8:34  Assimilator  
  33  8:37  Probe  
  34  8:44  Probe  
  35  8:52  Probe  
  36  8:59  Probe  
  36  9:02  Stalker  
  39  9:06  Probe  
  40  9:14  Probe  
  41  9:19  Probe  
Tags
 
Add a new tag
Caveats
  • Supply blocks, unpowered buildings, or Contaminate may cause inaccurate times.
  • Supply counts are checked every 10 seconds.